 Dungeon Crawl Stone Soup version 0.29.0-4-gdea44cf6ec (webtiles) character file.

Game seed: 3862553206342125200

4 qw the Shield-Bearer (level 1, 0/14 HPs)
             Began as a Gargoyle Fighter on Sept 10, 2022.
             Slain by a goblin
             ... wielding a +0 dagger
              (1 damage)
             ... on level 1 of the Dungeon.
             The game lasted 00:00:05 (94 turns).

qw the Shield-Bearer (Gargoyle Fighter)               Turns: 94, Time: 00:00:05

Health: 0/14       AC:  9    Str: 19    XL:     1   Next: 70%
Magic:  1/1        EV:  9    Int:  8    God:
Gold:   14         SH:  4    Dex:  9    Spells: 0/0 levels left

rFire   . . .      SeeInvis .   a - +0 war axe
rCold   . . .      Faith    .   c - +0 buckler
rNeg    + . .      Spirit   .   b - +0 scale mail
rPois   inf        Reflect  .   (no helmet)
rElec   +          Harm     .   (no cloak)
rCorr   .          Rampage  .   (no gloves)
Will    .....                   (no boots)
Stlth   ..........              (no amulet)
HPRegen 0.04/turn               (no ring)
MPRegen 0.07/turn               (no ring)

@: no status effects
A: sickness immunity, AC +2, negative energy resistance 1, electricity
resistance, torment resistance 1, petrification resistance
a: no special abilities


You were on level 1 of the Dungeon.
You visited 1 branch of the dungeon, and saw 1 of its levels.

You collected 14 gold pieces.


Innate Abilities, Weirdness & Mutations

You are immune to sickness and miasma.
Your stone body is resilient. (AC +2)
You are immune to poison.
You resist negative energy. (rN+)
You are resistant to electric shocks. (rElec)
You are resistant to unholy torment.
You are immune to petrification.


   Skills:
 - Level 3.2 Fighting
 + Level 2.2 Axes
 - Level 3.2 Armour
 - Level 3.2 Shields


You couldn't memorise any spells.
You didn't know any spells.
Your spell library was empty.

Inventory:

Hand Weapons
 a - a +0 war axe (weapon)
Armour
 b - a +0 scale mail (worn)
 c - a +0 buckler (worn)
Potions
 d - a potion of might

Dungeon Overview and Level Annotations

Branches:
Dungeon (1/15)

Altars:


Message History

You kill the kobold!
The jackal barely misses you. The jackal bites you.
The frilled lizard bites you but does no damage.
You closely miss the jackal.
The jackal is moderately wounded.
You closely miss the frilled lizard.
The jackal bites you but does no damage.
The frilled lizard bites you. The jackal bites you.
You barely miss the jackal.
The jackal is moderately wounded.
You hit the frilled lizard but do no damage.
The jackal barely misses you. The frilled lizard barely misses you.
The jackal barely misses you. The frilled lizard closely misses you.
You completely miss the jackal.
The jackal is moderately wounded.
You hit the frilled lizard. The jackal barely misses you.
The frilled lizard barely misses you. The jackal bites you.
You hit the frilled lizard.
You kill the frilled lizard!
You hit the jackal but do no damage.
The jackal bites you but does no damage. x2
You barely miss the jackal.
The jackal is moderately wounded.
You barely miss the goblin.
The jackal bites you but does no damage.
The goblin barely misses you. The jackal completely misses you.
The goblin closely misses you.
You closely miss the jackal.
The jackal is moderately wounded.
You closely miss the goblin. The jackal bites you.
You block the goblin's attack. The jackal barely misses you.
A ball python comes into view.
You closely miss the jackal.
The jackal is moderately wounded.
You closely miss the goblin.
The ball python hisses angrily.
The jackal barely misses you. The goblin hits you with a +0 dagger.
You die...

#....... S######
#....... >........h
+....... .........
#....... .........
#....... (.......
#....... ........
#....... #..(.h##
###.._%### ###g@#
#......... #....#
#.##\.}###
#.#..#######.##.#####
..
#........#....##...
...
#...####.#...#...##
...
#............#.### ..
#.##...#.....#.. . .
#......#.....#...#.
####...#.....##....


You could see a jackal, a goblin and a ball python.

Vanquished Creatures
  A jackal (D:1)
  3 frilled lizards (D:1)
  A kobold (D:1)
  A rat (D:1)
6 creatures vanquished.

Notes
Turn   | Place    | Note
-------+----------+-------------------------------------------
     0 | D:1      | qw the Gargoyle Fighter began the quest for the Orb.
     0 | D:1      | Reached XP level 1. HP: 14/14 MP: 1/1
     0 | D:1      | 0 ||| qw: Version: 0.1-a-116-g5d60599
     0 | D:1      | 0 ||| qw: Game counter: 7425
     0 | D:1      | 0 ||| qw: Always use a shield: true
     0 | D:1      | 0 ||| qw: God list: Okawaru
     0 | D:1      | 0 ||| qw: Allow faded altars: false
     0 | D:1      | 0 ||| qw: Do Orc after D:15 true
     0 | D:1      | 0 ||| qw: Do second Lair branch before Depths: true
     0 | D:1      | 0 ||| qw: Lair rune preference: random
     0 | D:1      | 0 ||| qw: Plans: Normal, Zot, God:TSO, Crypt, Tomb, Zig,
                  | Orb
     0 | D:1      | 0 ||| PLANNING D:1-11
    27 | D:1      | Found a faded altar of an unknown god.
    66 | D:1      | 66 ||| Stepping ~*~*~tactically~*~*~ (stealth).
    90 | D:1      | HP: 2/14 [jackal (2)]
    94 | D:1      | Slain by a goblin

Levels and vault maps discovered:
D:1:      dpeg_arrival_ratfight, layout_basic,
          ebering_ecumenical_altar_abandoned, serial_park_tiny_1

Skill      XL: |  1 |
---------------+----+-----
Axes           | 2 |  2.2
Fighting       | |  3.2
Armour         | |  3.2
Shields        | |  3.2

Action                   || total
-------------------------++-------
Melee: War axe           ||    33
Armor: Scale mail        ||    31
Dodge: Dodged            ||    33
Block: Buckler           ||    10

Table legend:
 A = Non-vault XP
 B = Vault XP
 C = Vault XP percentage of total XP
 D = Non-vault monster count
 E = Vault monster count
 F = Vault count percentage of total count
                 A         B        C        D         E       F
            +---------+---------+-------+---------+---------+-------
      Total |       7 |       0 |   0.0 |       6 |       0 |   0.0
            +---------+---------+-------+---------+---------+-------
        D:1 |       7 |       0 |   0.0 |       6 |       0 |   0.0
            +---------+---------+-------+---------+---------+-------
